 Dungeon Crawl Stone Soup version 0.20-a0-1040-gfd09691 (webtiles) character file.

401 Multipenetrator the Grave Robber (level 6, -4/50 HPs)
             Began as a Deep Dwarf Necromancer on Apr 23, 2017.
             Shot with an arrow by a centaur (9 damage)
             ... on level 5 of the Dungeon.
             The game lasted 00:44:20 (3546 turns).

Multipenetrator the Grave Robber (DDNe)             Turns: 3546, Time: 00:44:20

Health: -4/50      AC:  8    Str: 11    XL:     6   Next: 54%
Magic:  10/10      EV: 13    Int: 16    God:
Gold:   203        SH:  0    Dex: 15    Spells: 7/11 levels left

rFire    . . .     SeeInvis .   d - +0 falchion
rCold    . . .     Gourm    .   (no shield)
rNeg     . . .     Faith    .   e - +3 leather armour
rPois    .         Spirit   .   (no helmet)
rElec    .         Reflect  .   (no cloak)
rCorr    .         Harm     .   k - +1 pair of gloves
MR       .....                  (no boots)
Stlth    ++........             (no amulet)
Regen    0.0/turn               (no ring)
MPRegen  0.2/turn               (no ring)

@: flying, non-regenerating, hasted, very quick
A: damage resistance, heal wounds, sense surroundings 1, no regeneration
a: Heal Wounds


You were on level 5 of the Dungeon.
You were not hungry.

You visited 1 branch of the dungeon, and saw 5 of its levels.

You collected 203 gold pieces.

Inventory:

Hand Weapons
 d - a +0 falchion (weapon)
 n - a +1 whip of venom
Armour
 a - a +0 robe
 e - a +3 leather armour (worn)
 i - a +2 ring mail of poison resistance
 k - a +1 pair of gloves (worn)
Jewellery
 o - an uncursed ring of protection from magic {unknown}
Scrolls
 f - a scroll of teleportation
 g - a scroll of enchant armour
 l - a scroll of blinking {unknown}
 s - a scroll of recharging {unknown}
Potions
 m - a potion of cancellation
Books
 b - a book of Necromancy

   Spells                             Type                      Level
   a - Pain                           Necromancy                   1
   b - Animate Skeleton               Necromancy                   1
   c - Vampiric Draining              Necromancy                   3
   d - Regeneration                   Charms/Necromancy            3
   e - Animate Dead                   Necromancy                   4
   f - Control Undead                 Necromancy                   4
Comestibles
 c - 2 bread rations
 h - a meat ration


   Skills:
 + Level 0.6 Fighting
 + Level 3.0 Long Blades
 * Level 2.5 Armour
 + Level 2.9 Dodging
 + Level 2.6 Stealth
 - Level 0.1 Unarmed Combat
 + Level 3.0 Spellcasting
 + Level 5.9 Necromancy


You had 7 spell levels left.
You knew the following spells:

 Your Spells              Type           Power        Failure   Level  Hunger
a - Pain                  Necr           ###.         1%          1    #......
d - Vampiric Draining     Necr           ###.......   6%          3    ###....


Dungeon Overview and Level Annotations

Branches:
Dungeon (5/15)
 Temple: D:4-7

Altars:
Gozag
Okawaru
Yredelemnul

Annotations:
D:5 Edmund


Innate Abilities, Weirdness & Mutations

You are resistant to damage.
You can heal yourself by infusing magical energy.
You passively map a small area around you.
You do not regenerate.


Message History

The centaur shouts!
The centaur wields a shortbow.
The centaur shoots an arrow.
The arrow closely misses you.
You see here a scroll labeled JAJEBO JIOT.
The centaur shoots an arrow.
The arrow hits you!
The centaur shoots an arrow.
The arrow hits you!
* * * LOW HITPOINT WARNING * * *
You see here an arrow.
You feel better.
The centaur shoots an arrow.
The arrow hits you!
* * * LOW HITPOINT WARNING * * *
It was a potion of haste.
You feel yourself speed up.
The centaur shoots an arrow.
The arrow closely misses you.
The centaur shoots an arrow.
The arrow closely misses you.
As you read the scroll labeled USACUJUIRU, it crumbles to dust.
It is a scroll of enchant armour.
Your +0 pair of gloves glows green for a moment.
It was a potion of flight.
You feel very buoyant.
You fly up into the air.
The centaur shoots an arrow.
The arrow hits you!
You die...

###### *
*#....# , ,,
#...c# ,+ ,
,#....+, * ,*
, +....# , *
,
#....#####,,*
, #.@......#,
* , ,
#?.......# ,*
, #(.......#,
* ,
#........# ,
#........#
#####....#
#....# * * ,
#....# * , ,
* + #....# ,


You could see a centaur.

Vanquished Creatures
  An ogre (D:4)
  A bullfrog skeleton (D:4)
  2 centaur skeletons (D:4)
  2 orc priests
  An orc wizard (D:3)
  A worker ant (D:5)
  4 adders
  3 leopard geckos
  17 orcs
  4 giant cockroaches
  2 goblins (D:1)
  6 hobgoblins
  2 jackals (D:4)
  2 quokkas (D:2)
  A ball python (D:1)
  5 bats
  A jackal skeleton (D:4)
  7 kobolds
  9 rats
71 creatures vanquished.

Notes
Turn   | Place    | Note
-------+----------+-------------------------------------------
     0 | D:1      | Multipenetrator the Deep Dwarf Necromancer began the quest for the Orb.
     0 | D:1      | Reached XP level 1. HP: 15/15 MP: 3/3
   204 | D:1      | Reached XP level 2. HP: 2/22 MP: 0/4
   275 | D:1      | Reached skill level 5 in Necromancy
   578 | D:1      | You fall through a shaft!
   827 | D:2      | Reached XP level 3. HP: 3/28 MP: 4/6
   835 | D:2      | Learned a level 3 spell: Vampiric Draining
  1022 | D:3      | Found an opulent altar of Gozag.
  1083 | D:3      | Found a basalt altar of Yredelemnul.
  1504 | D:4      | Reached skill level 1 in Long Blades
  1504 | D:4      | Reached XP level 4. HP: 21/36 MP: 7/7
  1704 | D:4      | Found an iron altar of Okawaru.
  1729 | D:4      | HP: 1/36 [adder (1)]
  1764 | D:4      | Noticed an ogre
  2040 | D:3      | Reached XP level 5. HP: 22/43 MP: 1/8
  2280 | D:3      | Reached skill level 1 in Armour
  2805 | D:4      | Killed an ogre
  2805 | D:4      | Reached XP level 6. HP: 33/50 MP: 0/10
  3028 | D:4      | Found an opulent altar of Gozag.
  3074 | D:5      | Entered Level 5 of the Dungeon
  3405 | D:5      | Noticed Edmund
  3546 | D:5      | Shot with an arrow by a centaur

Vault maps used:
D:1:      dpeg_arrival_simpleton_c
D:2:      minmay_crystal_water
D:3:      lemuel_doored_altar, nicolae_gozag_seed_capital
D:4:      lemuel_crystal_altar, nicolae_overflow_hidden_temple,
          minmay_temple_entry_enclosed_plants, first_bread
D:5:      hangedman_abyss_or_decor_stabs, uniq_edmund

Skill      XL: |  1  2  3  4  5  6 |
---------------+-------------------+-----
Necromancy     | 5 |  5.9
Spellcasting   | 2 3 |  3.0
Long Blades    | 1 2 3 |  3.0
Armour         | 2 |  2.5
Fighting       | |  0.6
Dodging        | |  2.9
Stealth        | |  2.6
Unarmed Combat | |  0.1

Action                   |  1- 3 |  4- 6 || total
-------------------------+-------+-------++-------
Melee: Unarmed           |     9 |       ||     9
       Dagger            |    14 |       ||    14
       Falchion          |    14 |   272 ||   286
 Cast: Pain              |    39 |     3 ||    42
       Vampiric Draining |    14 |    29 ||    43
 Abil: Heal Wounds       |       |     1 ||     1
  Use: Potion            |     2 |     4 ||     6
       Scroll            |     2 |     2 ||     4
 Stab: Invisible         |     2 |       ||     2
  Eat: Chunk             |     4 |     8 ||    12
       Meat ration       |       |     1 ||     1
Armor: Robe              |     9 |     5 ||    14
       Leather armour    |       |    97 ||    97
Dodge: Dodged            |    35 |   168 ||   203
       Rpst.: Falchion   |     8 |    55 ||    63
